 Dungeon Crawl Stone Soup version 0.13.1-22-g086cdba (webtiles) character file.

673 Tophwells the Firebug (level 6, -4/45 HPs)
             Began as a Draconian Fire Elementalist on Jan 4, 2014.
             Slain by an orc priest
             ... wielding a -1,+0 orcish hand axe
              (7 damage)
             ... on Level 3 of the Dungeon.
             The game lasted 00:42:05 (3971 turns).

Tophwells the Firebug (Draconian Fire Elementalist) Turns: 3971, Time: 00:42:05

HP  -4/45        AC  6     Str 10      XL: 6   Next: 97%
MP   0/12        EV 13     Int 17      God:
Gold 167         SH  0     Dex 12      Spells:  3 memorised,  4 levels left

Res.Fire  : + . .   See Invis. : .   e - +0 hand axe
Res.Cold  : x . .   Warding    : .   (armour unavailable)
Life Prot.: . . .   Conserve   : .   (no shield)
Res.Poison: .       Res.Corr.  : .   (helmet restricted)
Res.Elec. : .       Clarity    : .   (no cloak)
Sust.Abil.: . .     Spirit.Shd : .   (no gloves)
Res.Mut.  : .       Stasis     : .   (no boots)
Res.Rott. : .       Flight     : +   (no amulet)
Saprovore : . . .                    (no ring)
                                     l - ring of fire

@: flying, very slightly contaminated, slightly resistant to hostile
enchantments, fairly stealthy
A: unfitting armour, AC +6
a: no special abilities


You were on level 3 of the Dungeon.
You were hungry.

You visited 1 branch of the dungeon, and saw 5 of its levels.
You also visited: Sewer.

You collected 147 gold pieces.

Inventory:

Hand weapons
 d - a +1,+2 orcish short sword
 e - a +0,+0 hand axe (weapon)
 k - a +1,+0 elven dagger
 x - a +1 elven blowgun
Missiles
 g - a dart (quivered)
 v - 3 curare-tipped needles
Comestibles
 c - 4 bread rations
 h - a meat ration
 i - an apple
 w - a rotting chunk of gnoll flesh
 z - a rotting chunk of bat flesh
Scrolls
 f - 2 scrolls of blinking {unknown}
 j - 3 scrolls of remove curse {unknown}
 m - a scroll of fear {unknown}
 o - 2 scrolls of enchant weapon I {unknown}
 q - 3 scrolls of identify {unknown}
 s - 2 scrolls of teleportation {unknown}
 t - a scroll of noise {unknown}
Jewellery
 l - a ring of fire (left hand)
Potions
 a - 2 potions of agility
 p - a potion of brilliance
 r - a potion of mutation {unknown}
 u - a potion of heal wounds {unknown}
Books
 b - a book of Flames

   Spells                             Type                      Level
   *Flame Tongue                      Conjuration/Fire             1
   *Throw Flame                       Conjuration/Fire             2
   *Conjure Flame                     Conjuration/Fire             3
   Inner Flame                        Hexes/Fire                   3
   Sticky Flame                       Conjuration/Fire             4
   Fireball                           Conjuration/Fire             5
Magical staves
 y - an uncursed staff of poison


   Skills:
 + Level 3.0 Axes
 + Level 3.2 Dodging
 + Level 3.5 Stealth
 + Level 2.7 Spellcasting
 + Level 3.0 Conjurations
 - Level 3.6 Fire Magic


You had 4 spell levels left.
You knew the following spells:

 Your Spells              Type           Power        Failure   Level  Hunger
a - Flame Tongue          Conj/Fire      ###..        4%          1    #......
b - Throw Flame           Conj/Fire      ###...       10%         2    ##.....
c - Conjure Flame         Conj/Fire      ###.....     14%         3    ###....


Dungeon Overview and Level Annotations

Branches:
Dungeon (5/27)
 Temple: D:4-7

Altars:
Makhleb
Nemelex Xobeh
Zin

Shops:
D:4 %


Message History

* * * LOW HITPOINT WARNING * * *
Casting: Flame Tongue
Confirm with . or Enter, or press ? or * to list all spells.
Aiming: Flame Tongue
Press: ? - help, Shift-Dir - straight line, f/p - orc priest
Aim: an orc priest, wielding an orcish hand axe and wearing an orcish chain mail (heavily wounded)
You feel a surge of power!
The flame hits the orc priest.
The orc priest appears unharmed.
The orc priest is heavily wounded.
The orc priest closely misses you.
Drink which item? (? for menu, Esc to quit)
You feel very buoyant.
You fly up into the air.
It was a potion of flight.
You barely miss the orc priest.
The orc priest is heavily wounded.
The orc priest completely misses you.
You hit the orc priest but do no damage.
The orc priest is heavily wounded.
The orc priest hits you with an orcish hand axe!
You die...

..##.#####.......#
...
..##.##.......[..#
..##.##.......##.#
..##.##.......##.#
..##.#........##.#
#.#(.......#####.#
...........# #...#
.......###.# #...#
.....#.# #.#
#..@################
.....#.# #.#
###.o...............
#.##.#.###.###
#######...########
#.##.#.......# #...#
#.##.##......# #...#
#............# #####
...#.#####(..#
...#.#####...#
...#.........#


You could see an orc priest.

Vanquished Creatures
  2 giant frogs (Sewer)
  2 hounds (D:4)
  An iguana (D:4)
  2 worker ants (D:4)
  Jessica (D:2)
  7 adders
  3 gnolls (D:3)
  2 giant mites
  2 green rats (D:4)
  A worm (D:1)
  2 grey rats (D:4)
  2 orcs
  8 bats
  10 giant cockroaches
  8 goblins
  11 hobgoblins
  8 jackals
  8 kobolds
  A quokka (D:3)
  3 ball pythons
  2 giant geckos
  9 giant newts
  A jackal skeleton (D:4)
  An orc skeleton (D:4)
  An orc zombie (D:4)
  10 rats
108 creatures vanquished.

Notes
Turn   | Place    | Note
--------------------------------------------------------------
     0 | D:1      | Tophwells, the Draconian Fire Elementalist, began the quest for the Orb.
     0 | D:1      | Reached XP level 1. HP: 14/14 MP: 3/3
   112 | D:1      | Reached XP level 2. HP: 20/20 MP: 0/4
   119 | D:1      | Learned a level 2 spell: Throw Flame
   501 | D:1      | Found a sparkling altar of Nemelex Xobeh.
   995 | D:2      | Reached XP level 3. HP: 19/26 MP: 1/5
  1304 | D:2      | Noticed Jessica
  1503 | D:2      | Killed Jessica
  1578 | D:2      | Reached skill level 1 in Axes
  1653 | D:2      | Reached XP level 4. HP: 33/33 MP: 7/7
  1955 | D:4      | Learned a level 3 spell: Conjure Flame
  2149 | D:4      | Found Foamp's Food Emporium.
  2193 | D:4      | Reached XP level 5. HP: 36/38 MP: 5/9
  2595 | D:4      | Found a glowing drain.
  2663 | Sewer    | Entered a sewer
  2872 | Sewer    | Reached XP level 6. HP: 45/45 MP: 3/11
  3149 | D:4      | Found a sparkling altar of Nemelex Xobeh.
  3154 | D:4      | Found a glowing silver altar of Zin.
  3157 | D:4      | Found a burning altar of Makhleb.
  3357 | D:5      | Entered Level 5 of the Dungeon
  3967 | D:3      | HP: 2/45 [orc priest/orcish hand axe (6)]
  3971 | D:3      | Slain by an orc priest

Action                   |  1- 3 |  4- 6 || total
-------------------------+-------+-------++-------
Melee: Unarmed           |     3 |       ||     3
       Hand axe          |    27 |    57 ||    84
       Short sword       |     4 |       ||     4
 Cast: Flame Tongue      |    44 |   137 ||   181
       Throw Flame       |    12 |    18 ||    30
       Conjure Flame     |       |     4 ||     4
  Use: Potion            |       |     4 ||     4
